 Dungeon Crawl Stone Soup version 0.24.0-123-gd5b16e6ec5 (webtiles) character file.

Game seed: 16394130453490629992, levelgen mode: deterministic

5628 FishyPogo the Fighter (level 10, -6/68 HPs)
             Began as a Gargoyle Fighter on Jan 28, 2020.
             Was a Believer of Makhleb.
             Mangled by a death yak (14 damage)
             ... on level 7 of the Dungeon.
             The game lasted 00:19:52 (5603 turns).

FishyPogo the Fighter (Gargoyle Fighter)            Turns: 5603, Time: 00:19:53

Health: -6/68      AC: 25    Str: 23      XL:     10   Next: 74%
Magic:  14/14      EV:  9    Int:  6      God:    Makhleb [**....]
Gold:   777        SH: 15    Dex:  8 (9)  Spells: 9/9 levels left

rFire    . . .     SeeInvis +   a - +2 flail (protect)
rCold    x . .     Gourm    .   c - +0 shield
rNeg     + + .     Faith    .   K - +0 scale mail of Besu {+Fly rC- rCorr Int-5} (curse)
rPois    ∞         Spirit   .   r - +1 helmet {SInv}
rElec    +         Reflect  .   o - +0 cloak
rCorr    +         Harm     .   (no gloves)
MR       .....                  (no boots)
Stlth    ..........             (no amulet)
HPRegen  0.21/turn              J - ring of positive energy
MPRegen  0.14/turn              H - ring of flight

@: protection aura
A: large bone plates 1, clever 1, deterioration 1, negative energy resistance 1,
electricity resistance, unbreathing, petrification resistance, rot immunity, AC
+7
a: Minor Destruction, Renounce Religion, Evoke Flight


You were on level 7 of the Dungeon.
You worshipped Makhleb.
Makhleb was pleased with you.
You were not hungry.

You visited 2 branches of the dungeon, and saw 9 of its levels.

You collected 777 gold pieces.

Inventory:

Hand Weapons
 a - a +2 flail of protection (weapon)
Missiles
 h - 136 stones
 n - 8 javelins
 w - 34 poisoned darts (quivered)
Armour
 b - a +0 scale mail
 c - a +0 shield (worn)
 o - a +0 cloak (worn)
 r - a +1 helmet of see invisible (worn)
 C - a +0 large shield
 K - the cursed +0 scale mail of Besu (worn) {+Fly rC- rCorr Int-5}
   (You found it on level 7 of the Dungeon)

   It affects your intelligence (-5).
   It makes you vulnerable to cold.
   It lets you fly.
   It provides partial protection from all sources of acid and corrosion.
   It has a curse placed upon it.
Jewellery
 q - an uncursed ring of resist corrosion
 H - a ring of flight (right hand)
 J - a ring of positive energy (left hand)
Wands
 A - a wand of flame (24)
 B - a wand of digging (6)
Scrolls
 e - 3 scrolls of enchant weapon {unknown}
 i - 4 scrolls of magic mapping {unknown}
 j - a scroll of fear {unknown}
 p - a scroll of fog {unknown}
 u - 5 scrolls of remove curse {unknown}
 v - 11 scrolls of identify {unknown}
 x - 2 scrolls of noise {unknown}
 y - a scroll of blinking {unknown}
 z - 3 scrolls of teleportation {unknown}
 G - a scroll of torment {unknown}
 I - 2 scrolls of enchant armour {unknown}
Potions
 d - 2 potions of might
 k - a potion of heal wounds
 l - 4 potions of flight
 m - a potion of mutation
 s - a potion of curing
 t - a potion of lignification {unknown}
 D - a potion of ambrosia
 F - a potion of invisibility {unknown}
Comestibles
 f - 10 rations
 g - 11 chunks of flesh


   Skills:
 * Level 10.0 Fighting
 + Level 6.4 Maces & Flails
 + Level 7.4 Armour
 * Level 9.9 Shields
 + Level 5.3 Invocations


You had 9 spell levels left.
You didn't know any spells.
Your spell library was empty.

Dungeon Overview and Level Annotations

Branches:
Dungeon (8/15)             Temple (1/1) D:4            Lair (0/6) D:8

Altars:
Dithmenos
Makhleb
Qazlal
Trog

Shops:
D:4 [


Innate Abilities, Weirdness & Mutations

You are resistant to torment.
Your stone body is resilient. (AC +7)
You are immune to poison.
You resist negative energy. (rN+)
You are resistant to electric shocks. (rElec)
You can survive without breathing.
You are immune to petrification.
You are immune to rotting.
You are partially covered in large bone plates. (SH +4)
Your mind is acute. (Int +2)
Your body sometimes deteriorates upon taking damage.


Message History

The death yak is severely wounded.
The death yak closely misses you.
You hit the death yak but do no damage.
The death yak is severely wounded.
You block the death yak's attack.
You thump the death yak!
The death yak is almost dead.
You block the death yak's attack.
You barely miss the death yak.
The death yak is almost dead.
You block the death yak's attack.
You barely miss the death yak.
The death yak is almost dead.
The death yak gores you!
* * * LOW HITPOINT WARNING * * *
Your body deteriorates!
You feel clumsy.
You hit the death yak.
The death yak is almost dead.
The death yak gores you!
You die...

###################
#..................
#Y@................
#............[.....
#..................
#..................
#..................
#.......^..........
#............÷.....
#...............)..
#..................


You could see a death yak.

Vanquished Creatures
  A death yak (D:8)
  A two-headed ogre (D:8)
  2 cyclopes (D:6)
  Joseph (D:7)
  Grinder (D:5)
  A hippogriff (D:6)
  A yak (D:8)
  Edmund (D:4)
  A water moccasin (D:8)
  3 ice beasts
  4 ogres
  2 wolves (D:8)
  4 centaurs
  4 bullfrogs (D:6)
  A scorpion (D:8)
  An electric eel (D:8)
  A crimson imp (D:6)
  5 orc priests
  A bullfrog skeleton (D:5)
  7 hounds
  4 jellies
  6 orc wizards
  Jessica (D:3)
  A worker ant (D:8)
  A hound skeleton (D:4)
  13 adders
  A howler monkey skeleton (D:4)
  A shadow imp (D:4)
  2 white imps (D:8)
  An ufetubus (D:8)
  An ooze (D:5)
  3 adder skeletons (D:6)
  2 adder zombies (D:7)
  4 worms
  A dart slug (D:2)
  5 leopard geckos
  30 orcs
  7 bats
  9 giant cockroaches
  10 goblins
  4 hobgoblins
  8 jackals
  7 quokkas
  5 ball pythons
  3 frilled lizards (D:2)
  12 kobolds
  A quokka zombie (D:6)
  12 rats
198 creatures vanquished.

Notes
Turn   | Place    | Note
-------+----------+-------------------------------------------
     0 | D:1      | FishyPogo the Gargoyle Fighter began the quest for the Orb.
     0 | D:1      | Reached XP level 1. HP: 14/14 MP: 1/1
    76 | D:1      | Reached XP level 2. HP: 19/19 MP: 2/2
   533 | D:1      | Reached XP level 3. HP: 24/24 MP: 3/3
   904 | D:2      | Reached skill level 4 in Fighting
   904 | D:2      | Reached XP level 4. HP: 17/29 MP: 4/4
  1485 | D:3      | Reached XP level 5. HP: 33/34 MP: 5/5
  1859 | D:3      | Noticed Jessica
  1866 | D:3      | Killed Jessica
  1958 | D:3      | Reached XP level 6. HP: 27/40 MP: 6/6
  2044 | D:3      | Reached skill level 5 in Fighting
  2514 | D:4      | Reached skill level 5 in Shields
  2545 | D:4      | Found a staircase to the Ecumenical Temple.
  2561 | Temple   | Entered the Ecumenical Temple
  2575 | Temple   | Became a worshipper of Makhleb the Destroyer
  2623 | D:4      | Noticed Edmund
  2650 | D:4      | Killed Edmund
  2650 | D:4      | Reached XP level 7. HP: 29/44 MP: 7/7
  3013 | D:4      | Found Ibbaor's Armour Shop.
  3308 | D:5      | Entered Level 5 of the Dungeon
  3457 | D:5      | Reached skill level 6 in Fighting
  3677 | D:5      | Noticed Grinder
  3683 | D:5      | Gained mutation: Your mind is acute. (Int +2) [potion of
                  | mutation]
  3683 | D:5      | Gained mutation: Your body sometimes deteriorates upon
                  | taking damage. [potion of mutation]
  3683 | D:5      | Gained mutation: You are partially covered in large bone
                  | plates. (SH +4) [potion of mutation]
  3693 | D:5      | Paralysed by Grinder for 5 turns
  3702 | D:5      | Killed Grinder
  3702 | D:5      | Reached * piety under Makhleb
  3702 | D:5      | Reached skill level 5 in Armour
  3702 | D:5      | Reached skill level 1 in Invocations
  3702 | D:5      | Reached XP level 8. HP: 25/52 MP: 8/8
  4145 | D:6      | Reached skill level 7 in Fighting
  4410 | D:7      | Found a stormy altar of Qazlal.
  4410 | D:7      | Noticed Joseph
  4431 | D:7      | Killed Joseph
  4447 | D:7      | Reached XP level 9. HP: 55/57 MP: 9/11
  4495 | D:7      | Got a scorched scale mail
  4506 | D:7      | Identified the cursed +0 scale mail of Besu {+Fly rC- rCorr
                  | Int-5} (You found it on level 7 of the Dungeon)
  4604 | D:6      | Noticed a cyclops
  4626 | D:6      | Reached skill level 8 in Fighting
  4626 | D:6      | Reached skill level 5 in Maces & Flails
  4637 | D:6      | Killed a cyclops
  4643 | D:6      | Reached ** piety under Makhleb
  4769 | D:6      | Noticed a cyclops
  4789 | D:6      | Killed a cyclops
  4789 | D:6      | Reached skill level 9 in Fighting
  4908 | D:7      | Reached XP level 10. HP: 66/66 MP: 13/13
  5290 | D:8      | Noticed a two-headed ogre
  5305 | D:8      | Killed a two-headed ogre
  5350 | D:8      | Reached skill level 5 in Invocations
  5511 | D:8      | Noticed a death yak
  5514 | D:8      | Found a staircase to the Lair.
  5514 | D:8      | Noticed a death yak
  5518 | D:8      | Noticed a death yak
  5518 | D:8      | Noticed a death yak
  5549 | D:8      | Killed a death yak
  5549 | D:8      | Reached skill level 10 in Fighting
  5603 | D:7      | Mangled by a death yak

Levels and vault maps discovered:
D:1:      dpeg_arrival_radiant, layout_basic, minmay_shallow_snake_nest
D:2:      layout_basic, first_ration
D:3:      layout_loops_corners, st_stairs_4, uniq_jessica
D:4:      layout_loops_corners, minmay_temple_entry_sparse_star, serial_shops,
          nicolae_shop_trees, uniq_edmund
D:5:      layout_rooms, minmay_bent, uniq_grinder
D:6:      minmay_klotski, layout_rooms
D:7:      layout_basic, nicolae_qazlal_general_emergency, uniq_joseph
D:8:      layout_basic, dpeg_lair_monsters, serial_ice, serial_ice_k,
          serial_ice_c, serial_ice_a, serial_ice_b, serial_ice_f, serial_ice_e,
          david_nohive_1, kennysheep_dice, uniq_prince_ribbit1, uniq_grum
Temple:   minmay_crystal_spiral_temple

Skill      XL: |  1  2  3  4  5  6  7  8  9 10 |
---------------+-------------------------------+-----
Fighting       | 4 5 6 7 9 10 | 10.0
Shields        | 4 5 6 7 8 9 |  9.9
Armour         | 4 5 6 7 |  7.4
Maces & Flails | 3 4 5 6 |  6.4
Invocations    | 1 2 4 5 |  5.3

Action                   |  1- 3 |  4- 6 |  7- 9 | 10-12 || total
-------------------------+-------+-------+-------+-------++-------
Melee: Flail             |   127 |   280 |   297 |   158 ||   862
Throw: Stone             |     1 |     3 |    16 |       ||    20
       Dart              |       |     1 |    10 |     9 ||    20
Invok: Minor Destruction |       |       |       |     8 ||     8
 Abil: Evoke Flight      |       |       |     1 |       ||     1
  Use: Potion            |       |       |     9 |       ||     9
  Eat: Chunk             |       |     7 |     8 |     2 ||    17
Armor: Scale mail        |    56 |   137 |   196 |    55 ||   444
Dodge: Dodged            |    33 |    88 |    81 |    26 ||   228
Block: Shield            |    73 |   149 |   208 |   118 ||   548
